 Dungeon Crawl Stone Soup version 0.22.0-49-gab54619674 (webtiles) character file.

32 JedernureinKreuz the Sneak (level 3, -3/16 HPs)
             Began as a Spriggan Conjurer on Sept 7, 2018.
             Slain by a gnoll
             ... wielding a +0 flail
              (7 damage)
             ... on level 2 of the Dungeon.
             The game lasted 00:06:29 (1137 turns).

JedernureinKreuz the Sneak (Spriggan Conjurer)      Turns: 1137, Time: 00:06:30

Health: -3/16      AC:  2    Str:  4    XL:     3   Next: 8%
Magic:  0/8        EV: 19    Int: 17    God:
Gold:   53         SH:  0    Dex: 16    Spells: 7/8 levels left

rFire    . . .     SeeInvis +   e - +0 dagger
rCold    . . .     Gourm    .   (shield restricted)
rNeg     . . .     Faith    .   a - +0 robe
rPois    .         Spirit   .   (helmet restricted)
rElec    .         Reflect  .   (no cloak)
rCorr    .         Harm     .   (gloves unavailable)
MR       .....                  (boots unavailable)
Stlth    +++.......             (no amulet)
HPRegen  0.05/turn              (no ring)
MPRegen  0.11/turn              (no ring)

@: very quick
A: very small, unfitting armour, see invisible, herbivore, speed 3, slow
metabolism 2
a: no special abilities


You were on level 2 of the Dungeon.
You were not hungry.

You visited 1 branch of the dungeon, and saw 2 of its levels.

You collected 53 gold pieces.

Inventory:

Hand Weapons
 e - a +0 dagger (weapon)
Missiles
 h - 9 poisoned needles
 l - 6 curare-tipped needles
Armour
 a - a +0 robe (worn)
Scrolls
 b - 3 scrolls of immolation {unknown}
 d - a scroll of magic mapping {unknown}
 i - a scroll of teleportation {unknown}
 j - a scroll of identify {unknown}
 m - a scroll of amnesia {unknown}
Potions
 f - a potion of heal wounds {unknown}
 g - a potion of might {unknown}
 k - a potion of degeneration {unknown}
Comestibles
 c - 3 rations


   Skills:
 + Level 0.8 Short Blades
 + Level 3.4 Dodging
 + Level 3.6 Stealth
 + Level 3.0 Spellcasting
 + Level 3.2 Conjurations


You had 7 spell levels left.
You knew the following spells:

 Your Spells              Type           Power        Failure   Level  Hunger
a - Magic Dart            Conj           ##..         4%          1    None

Your spell library contained the following spells:

 Spells                   Type           Power        Failure   Level  Hunger
 Searing Ray              Conj           ##....       7%          2    ##.....
 Dazzling Spray           Conj/Hex       #.....       26%         3    ###....
 Iskenderun's Mystic Bla  Conj           ##......     41%         4    ####...
 Force Lance              Conj/Tloc      #.......     65%         4    ####...
 Fulminant Prism          Conj/Hex       #.........   65%         4    ####...


Dungeon Overview and Level Annotations

Branches:
Dungeon (2/15)

Altars:


Innate Abilities, Weirdness & Mutations

You are very small and have problems with some larger weapons.
You are too small for most types of armour.
You have supernaturally acute eyesight. (SInv)
You are a herbivore.
You cover ground extremely quickly.
You need to consume almost no food.


Message History

The magic dart hits the gnoll.
The gnoll is lightly wounded.
The gnoll barely misses you.
Casting: Magic Dart (safe; 4% risk of failure)
Confirm with . or Enter, or press ? or * to list all spells.
Aiming: Magic Dart (safe; 4% risk of failure)
Press: ? - help, Shift-Dir - straight line, f/p - gnoll
Aim: a gnoll, wielding a flail (lightly wounded)
The magic dart hits the gnoll.
The gnoll is moderately wounded.
The gnoll completely misses you.
Casting: Magic Dart (safe; 4% risk of failure)
Confirm with . or Enter, or press ? or * to list all spells.
Aiming: Magic Dart (safe; 4% risk of failure)
Press: ? - help, Shift-Dir - straight line, f/p - gnoll
Aim: a gnoll, wielding a flail (moderately wounded)
The magic dart hits the gnoll.
The gnoll is heavily wounded.
The gnoll hits you with a flail!
You die...

### #.# #.#############
#...g.†...g...#
#.###########.#
#.###########.#
#.#...........#
#@#...........#
#g#...........#
#.#...........#
###########.###########g#
#..................# #.#
#.....####.........# #.#
#..................# #.#
#.......#........).####g####
#......#_#.........'........


You could see a gnoll.

Vanquished Creatures
  A gnoll (D:2)
  A leopard gecko (D:1)
  A giant cockroach (D:2)
  4 goblins
  5 hobgoblins
  2 ball pythons (D:2)
  3 bats (D:1)
  A frilled lizard (D:1)
  2 kobolds (D:1)
20 creatures vanquished.

Notes
Turn   | Place    | Note
-------+----------+-------------------------------------------
     0 | D:1      | JedernureinKreuz the Spriggan Conjurer began the quest for
                  | the Orb.
     0 | D:1      | Reached XP level 1. HP: 9/9 MP: 5/5
   424 | D:1      | Reached XP level 2. HP: 13/13 MP: 1/6
   902 | D:2      | Found a faded altar of an unknown god.
  1105 | D:2      | Reached XP level 3. HP: 14/16 MP: 0/8
  1137 | D:2      | Slain by a gnoll

Skill      XL: |  1  2 |
---------------+-------+-----
Conjurations   | 3 |  3.2
Spellcasting   | 3 |  3.0
Short Blades   | |  0.8
Dodging        | |  3.4
Stealth        | |  3.6

Action                   || total
-------------------------++-------
Melee: Dagger            ||    32
 Cast: Magic Dart        ||    51
 Stab: Sleeping          ||     1
Armor: Robe              ||     2
Dodge: Dodged            ||    30
